 Dungeon Crawl Stone Soup version 0.29.0-4-gdea44cf6ec (webtiles) character file.

Game seed: 16217777819425819752

81 qw the Chopper (level 4, -5/26 HPs)
             Began as a Tengu Warper on Aug 28, 2022.
             Slain by Sigmund
             ... wielding a +0 scythe
              (6 damage)
             ... on level 3 of the Dungeon.
             The game lasted 00:00:14 (2439 turns).

qw the Chopper (Tengu Warper)                       Turns: 2439, Time: 00:00:14

Health: -5/26      AC: 12    Str: 14    XL:     4   Next: 42%
Magic:  8/8        EV:  6    Int: 13    God:
Gold:   73         SH:  0    Dex: 13    Spells: 7/7 levels left

rFire   . . .      SeeInvis .   Y - +0 hand axe
rCold   . . .      Faith    .   (no shield)
rNeg    . . .      Spirit   .   m - +0 chain mail
rPois   .          Reflect  .   (helmet restricted)
rElec   .          Harm     .   (no cloak)
rCorr   .          Rampage  .   (no gloves)
Will    .....                   (boots unavailable)
Stlth   ..........              (no amulet)
HPRegen 0.08/turn               e - +4 ring of protection
MPRegen 0.11/turn               (no ring)

@: no status effects
A: beak, talons 3
a: no special abilities


You were on level 3 of the Dungeon.
You visited 1 branch of the dungeon, and saw 3 of its levels.

You collected 73 gold pieces.


Innate Abilities, Weirdness & Mutations

You have a beak for a mouth.
You have claws for feet.


   Skills:
 - Level 2.0 Fighting
 + Level 5.0 Axes
 - Level 1.0 Throwing
 - Level 1.1 Armour
 - Level 2.1 Dodging
 - Level 2.0 Spellcasting
 - Level 2.4 Translocations


You had 7 spell levels left.
You didn't know any spells.
Your spell library contained the following spells:

 Spells                   Type           Power      Damage    Failure   Level
 Blink                    Tloc           14%        N/A       99%         2
 Gell's Gravitas          Tloc           7%         N/A       100%        3
 Lesser Beckoning         Tloc           7%         N/A       100%        3
 Teleport Other           Tloc           7%         N/A       100%        3
 Manifold Assault         Tloc           7%         N/A       100%        5

Inventory:

Hand Weapons
 a - a +0 mace
 Y - a +0 hand axe (weapon)
Armour
 m - a +0 chain mail (worn)
Jewellery
 e - a +4 ring of protection (left hand)
Scrolls
 b - a scroll of immolation {unknown}
 f - 4 scrolls of identify

Dungeon Overview and Level Annotations

Branches:
Dungeon (3/15)

Altars:

Annotations:
D:3 Sigmund


Message History

You are more confused.
You're too confused to attack without stumbling around!
There is a strange disturbance nearby!
Something hits you but does no damage.
You're too confused to attack without stumbling around!
There is a strange disturbance nearby!
You're too confused to attack without stumbling around!
There is a strange disturbance nearby!
Something hits you!
You're too confused to attack without stumbling around!
There is a strange disturbance nearby!
Something hits you!
You're too confused to attack without stumbling around!
There is a strange disturbance nearby!
You're too confused to attack without stumbling around!
There is a strange disturbance nearby!
You hear some strange, mumbled words.
A puff of flame appears from out of thin air!
The puff of flame hits you.
You're too confused to attack without stumbling around!
There is a strange disturbance nearby!
Something hits you.
You're too confused to attack without stumbling around!
There is a strange disturbance nearby!
Something hits you but does no damage.
You're too confused to attack without stumbling around!
There is a strange disturbance nearby!
You're too confused to attack without stumbling around!
There is a strange disturbance nearby!
You feel less confused.
You hear some strange, mumbled words.
Something tries to affect you, but you resist.
You hit something but do no damage. Your kick misses something.
Something hits you but does no damage.
You hit something but do no damage. Something hits you but does no damage.
You barely miss something. Your kick misses something.
Your peck misses something. Something hits you.
You die...

. .## .. ####### ..
#.....#
#.####.###.########
#.#.........)......
######.#.##.#.#.########
......{@....#.#.#
########.####.#.# ###
#####


There were no monsters in sight!

Vanquished Creatures
  Terence (D:3)
  A dart slug (D:1)
  8 ball pythons
  5 bats
  5 endoplasms
  3 giant cockroaches
  4 goblins
  7 hobgoblins
  A kobold (D:2)
  4 quokkas
  A frilled lizard (D:1)
  8 rats
48 creatures vanquished.

Notes
Turn   | Place    | Note
-------+----------+-------------------------------------------
     0 | D:1      | qw the Tengu Warper began the quest for the Orb.
     0 | D:1      | Reached XP level 1. HP: 12/12 MP: 4/4
     0 | D:1      | 0 ||| qw: Version: 0.1-a-89-g26bdef1
     0 | D:1      | 0 ||| qw: Game counter: 2886
     0 | D:1      | 0 ||| qw: Always use a shield: true
     0 | D:1      | 0 ||| qw: God list: Okawaru
     0 | D:1      | 0 ||| qw: Allow faded altars: false
     0 | D:1      | 0 ||| qw: Do Orc after D:15 true
     0 | D:1      | 0 ||| qw: Do second Lair branch before Depths: true
     0 | D:1      | 0 ||| qw: Lair rune preference: random
     0 | D:1      | 0 ||| qw: Plans: Normal
     0 | D:1      | 0 ||| PLANNING D:1-11
    15 | D:1      | 15 ||| Stepping ~*~*~tactically~*~*~ (stealth).
   144 | D:1      | Reached skill level 3 in Axes
   144 | D:1      | Reached XP level 2. HP: 17/17 MP: 6/6
   400 | D:1      | 400 ||| Stepping ~*~*~tactically~*~*~ (stealth).
   634 | D:1      | 634 ||| Stepping ~*~*~tactically~*~*~ (stealth).
   648 | D:1      | Reached XP level 3. HP: 21/21 MP: 7/7
   726 | D:1      | Reached skill level 4 in Axes
  1021 | D:1      | 1021 ||| UPGRADING to +0 scale mail.
  1031 | D:1      | 1031 ||| DROPPING +0 leather armour.
  1032 | D:1      | 1032 ||| UPGRADING to +0 chain mail.
  1042 | D:1      | 1042 ||| DROPPING +0 scale mail.
  1043 | D:1      | 1043 ||| READING scroll labelled ADDUANLAUHE.
  1046 | D:1      | 1046 ||| READING 4 scrolls labelled QUNORY TUDEIBBESCH.
  1047 | D:1      | 1047 ||| READING scroll labelled HOYRAEMYAW.
  1048 | D:1      | 1048 ||| READING scroll labelled QYIPTIO MEUNK.
  1049 | D:1      | 1049 ||| READING scroll labelled LUTOGR PY GOEG.
  1050 | D:1      | 1050 ||| READING 3 scrolls labelled YDOQOL XIWUR.
  1051 | D:1      | 1051 ||| READING 3 scrolls of identify.
  1051 | D:1      | 1051 ||| IDENTIFYING glowing golden potion
  1052 | D:1      | 1052 ||| DROPPING scroll of blinking.
  1053 | D:1      | 1053 ||| DROPPING potion of magic.
  1054 | D:1      | 1054 ||| DROPPING 2 scrolls of butterflies.
  1093 | D:2      | 1093 ||| STAIRDANCE
  1195 | D:2      | You fall into a shaft and drop 1 floor!
  1910 | D:2      | 1910 ||| Stepping ~*~*~tactically~*~*~ (stealth).
  2203 | D:2      | 2203 ||| UPGRADING to +4 ring of protection.
  2204 | D:2      | 2204 ||| READING scroll labelled VESAMA OFAGIT.
  2205 | D:2      | 2205 ||| READING scroll labelled XAFIAC CUIFY.
  2206 | D:2      | 2206 ||| DRINKING 2 viscous purple potions.
  2207 | D:2      | 2207 ||| DROPPING potion of invisibility.
  2208 | D:2      | 2208 ||| READING scroll of teleportation.
  2273 | D:3      | Noticed Terence
  2292 | D:3      | Killed Terence
  2293 | D:3      | Reached skill level 5 in Axes
  2293 | D:3      | Reached XP level 4. HP: 17/26 MP: 8/8
  2407 | D:3      | 2407 ||| DROPPING +0 club.
  2414 | D:3      | Noticed Sigmund
  2432 | D:3      | HP: 5/26 [something/puff of flame (3)]
  2433 | D:3      | HP: 1/26 [something (5)]
  2439 | D:3      | Slain by Sigmund

Levels and vault maps discovered:
D:1:      amcnicky_arrival_flooded_fountain, layout_rooms
D:2:      layout_basic
D:3:      layout_basic, nicolae_ru_path_of_blood,
          dreamdust_ecumenical_altar_angels_and_demons, minmay_bisected,
          uniq_ijyb, uniq_sigmund, uniq_terence

Skill      XL: |  1  2  3 |
---------------+----------+-----
Axes           | 3 5 |  5.0
Fighting       | |  2.0
Throwing       | |  1.0
Armour         | |  1.1
Dodging        | |  2.1
Spellcasting   | |  2.0
Translocations | |  2.4

Action                   |  1- 3 |  4- 6 || total
-------------------------+-------+-------++-------
Melee: Hand axe          |   107 |    10 ||   117
       Peck              |    17 |     2 ||    19
       Kick              |    20 |     2 ||    22
       Punch             |     1 |       ||     1
Throw: Boomerang         |     7 |       ||     7
  Use: Scroll            |    10 |       ||    10
       Potion            |     1 |       ||     1
Armor: Leather armour    |    21 |       ||    21
       Chain mail        |    13 |     7 ||    20
Dodge: Dodged            |    57 |       ||    57

Table legend:
 A = Non-vault XP
 B = Vault XP
 C = Vault XP percentage of total XP
 D = Non-vault monster count
 E = Vault monster count
 F = Vault count percentage of total count
                 A         B        C        D         E       F
            +---------+---------+-------+---------+---------+-------
      Total |      81 |      36 |  30.8 |      47 |       1 |   2.1
            +---------+---------+-------+---------+---------+-------
        D:1 |      51 |       0 |   0.0 |      29 |       0 |   0.0
        D:2 |      28 |       0 |   0.0 |      17 |       0 |   0.0
        D:3 |       2 |      36 |  94.7 |       1 |       1 |  50.0
            +---------+---------+-------+---------+---------+-------
